 Dungeon Crawl Stone Soup version 0.29-a0-1009-g60c99734e7 (webtiles) character file.

Game seed: 4045907741860872702

3048 IdlyInterested the Carver (level 9, -2/69 HPs)
             Began as a Demonspawn Gladiator on Aug 8, 2022.
             Killed from afar by Erica (26 damage)
             ... with a lance of force
             ... on level 8 of the Dungeon.
             The game lasted 00:28:08 (8735 turns).

IdlyInterested the Carver (Demonspawn Gladiator)    Turns: 8735, Time: 00:28:09

Health: -2/69      AC: 16    Str: 14    XL:     9   Next: 57%
Magic:  10/10      EV:  7    Int: 10    God:
Gold:   62         SH:  0    Dex: 19    Spells: 10/10 levels left

rFire   . . .      SeeInvis .   a - +1 long sword
rCold   . . .      Faith    .   (no shield)
rNeg    . . .      Spirit   .   C - +0 chain mail
rPois   .          Reflect  .   r - +2 hat
rElec   .          Harm     .   h - +2 cloak
rCorr   .          Rampage  .   (no gloves)
Will    +....                   (no boots)
Stlth   ..........              (no amulet)
HPRegen 0.21/turn               A - ring of willpower
MPRegen 0.12/turn               (no ring)

@: hasted, invisible, very quick
A: hooves 2, thin metallic scales 2, condensation shield
a: no special abilities


You were on level 8 of the Dungeon.
You visited 2 branches of the dungeon, and saw 9 of its levels.
You also visited: Ossuary.

You collected 323 gold pieces.
You spent 261 gold pieces at shops.

Inventory:

Hand Weapons
 a - a +1 long sword (weapon)
 n - a +0 rapier
 x - a +1 dagger of draining
Missiles
 d - 3 throwing nets
 e - a javelin
 i - 6 atropa-tipped darts
 l - 7 poisoned darts (quivered)
 B - 2 boomerangs
Armour
 c - a +0 helmet
 f - an orb of energy
 h - a +2 cloak (worn)
 r - a +2 hat (worn)
 v - a +0 plate armour
 C - a +0 chain mail (worn)
Jewellery
 y - a ring of fire
 A - a ring of willpower (left hand)
Wands
 q - a wand of roots (8)
 D - a wand of acid (9)
Scrolls
 j - 4 scrolls of teleportation
 u - a scroll of torment {unknown}
 z - 2 scrolls of enchant armour
 E - a scroll of silence {unknown}
Potions
 b - 2 potions of haste
 g - 3 potions of lignification
 k - 2 potions of mutation
 m - a potion of attraction
 o - a potion of flight
 p - 3 potions of magic
 s - a potion of brilliance
 w - 2 potions of curing
 G - 2 potions of berserk rage {unknown}


   Skills:
 + Level 6.2 Fighting
 * Level 10.5 Long Blades
 - Level 1.7 Throwing
 - Level 1.0 Armour
 - Level 3.0 Dodging
 - Level 1.0 Stealth
 - Level 3.0 Shields
 - Level 1.0 Spellcasting
 - Level 1.0 Evocations


You had 10 spell levels left.
You didn't know any spells.
Your spell library contained the following spells:

 Spells                   Type           Power      Damage    Failure   Level
 Freeze                   Ice            0%         1d3       100%        1
 Frozen Ramparts          Ice            0%         1d1       100%        3
 Hailstorm                Conj/Ice       0%         3d3       100%        4


Dungeon Overview and Level Annotations

Branches:
Dungeon (8/15)             Temple (1/1) D:6         Ossuary (visited)
   Lair: D:8-11

Altars:
Ashenzari
Cheibriados
Dithmenos
Fedhas
Gozag
Hepliaklqana
Kikubaaqudgha
Makhleb
Nemelex Xobeh
Qazlal
Ru
Trog
Uskayaw
Wu Jian
Xom

Shops:
D:4 *

Annotations:
D:8 Erica


Innate Abilities, Weirdness & Mutations

You have hoof-like feet.
You are mostly covered in thin metallic scales. (AC +3)
A meltable shield of frost defends you. (SH +0)


Message History

Erica hits you but does no damage.
You hit Erica. You kick Erica.
Erica is moderately wounded.
The yak gores you but does no damage.
Erica hits you with a +1 scimitar of flaming.
Erica burns you.
You hit Erica.
Erica is moderately wounded.
The yak gores you.
Erica screams, "Coming here was suicide!
For you!"
Erica mumbles some strange words.
Erica flickers and vanishes!
Deactivating autopickup; reactivate with Ctrl-A.
You slash something! You kick something.
A yak comes into view.
Something hits you. Something burns you. The yak gores you but does no damage.
The yak bellows!
You hit something but do no damage. The yak gores you!
Something hits you but does no damage.
You completely miss something. Your kick misses something.
Your punch misses something. You hit something. You kick something.
The yak gores you! Something hits you but does no damage.
A yak comes into view.
You closely miss something.
The yak bellows!
Your kick misses something. The yak gores you but does no damage.
Something hits you but does no damage.
You miss something. Your kick misses something. Something hits you.
Something burns you.
You feel yourself speed up. Something hits you but does no damage.
You fade into invisibility!
Something hits you but does no damage. The yak gores you!
* * * LOW HITPOINT WARNING * * *
You barely miss something. You kick something.
You feel better.
You hear some strange, mumbled words.
A lance of force appears from out of thin air!
The lance of force hits you!!
You die...

##
##..............
.#
#..............
.+
#..............
.#
#Y.............
##
#..............
##$Y$....:....
##YY...##...
####Y##### .#
#..@{# #...##
#..)# .....#
......#
.........
#########


You could see 4 yaks.

Vanquished Creatures
  A manticore (D:7)
  A troll (D:6)
  A water moccasin (D:7)
  2 ice beasts
  A sky beast (D:6)
  2 ogres
  2 centaurs (D:6)
  2 phantoms
  A kobold brigand (D:5)
  A gnoll sergeant (D:7)
  A bullfrog (D:7)
  3 elf zombies
  A scorpion (D:5)
  3 elf skeletons (D:6)
  2 electric eels (D:7)
  3 centaur zombies (Ossuary)
  A jelly (D:5)
  2 hounds
  2 human zombies (Ossuary)
  2 orc priests (D:7)
  4 iguanas
  6 orc wizards
  A human skeleton (D:6)
  2 mummies (Ossuary)
  10 gnolls
  6 adders
  2 shadow imps
  2 white imps
  2 ufetubi
  3 adder zombies (Ossuary)
  17 orcs
  5 ball pythons
  2 bat zombies (D:3)
  6 endoplasms
  5 giant cockroaches
  9 goblins
  6 hobgoblins
  6 kobolds
  5 bats
  4 frilled lizards
  A goblin zombie (Ossuary)
  10 hobgoblin zombies (Ossuary)
  9 kobold zombies (Ossuary)
  An orc skeleton (D:6)
  7 orc zombies (Ossuary)
  9 rats
  A bush (D:7)
175 creatures vanquished.

Notes
Turn   | Place    | Note
-------+----------+-------------------------------------------
     0 | D:1      | IdlyInterested the Demonspawn Gladiator began the quest for
                  | the Orb.
     0 | D:1      | Reached XP level 1. HP: 16/16 MP: 1/1
    34 | D:1      | Found a faded altar of an unknown god.
    74 | D:1      | You fall into a shaft and drop 1 floor!
   116 | D:1      | Reached skill level 3 in Long Blades
   137 | D:1      | Gained mutation: You have large cloven feet. [demonic
                  | ancestry]
   137 | D:1      | Reached XP level 2. HP: 22/22 MP: 2/2
   548 | D:2      | Reached skill level 1 in Stealth
   552 | D:2      | Gained mutation: You are partially covered in thin metallic
                  | scales. (AC +2) [demonic ancestry]
   552 | D:2      | Reached XP level 3. HP: 14/27 MP: 3/3
  1282 | D:3      | Reached skill level 4 in Long Blades
  1282 | D:3      | Reached skill level 1 in Armour
  1286 | D:3      | Gained mutation: A meltable shield of frost defends you.
                  | (SH +0) [demonic ancestry]
  1286 | D:3      | Reached XP level 4. HP: 25/33 MP: 4/4
  1631 | D:3      | Found an ancient bone altar of Kikubaaqudgha.
  2546 | D:4      | Reached skill level 1 in Spellcasting
  2789 | D:4      | Found a broken altar of Ashenzari.
  2854 | D:4      | Found Ehyikaor's Assorted Antiques.
  2874 | D:4      | Bought a scroll labelled DAMNURCH KEPS for 23 gold pieces
  2874 | D:4      | Bought a scroll of identify for 46 gold pieces
  2874 | D:4      | Bought a glowing sapphire potion for 20 gold pieces
  2938 | D:4      | Reached XP level 5. HP: 37/38 MP: 6/6
  3102 | D:4      | Found a shimmering altar of Xom.
  3110 | D:4      | Reached skill level 1 in Evocations
  3165 | D:4      | Found a blossoming altar of Fedhas.
  3603 | D:5      | Entered Level 5 of the Dungeon
  3603 | D:5      | Noticed an ogre
  3612 | D:5      | Killed an ogre
  3613 | D:5      | Reached skill level 5 in Long Blades
  3613 | D:5      | Reached skill level 1 in Shields
  3613 | D:5      | Gained mutation: You have hoof-like feet. [demonic
                  | ancestry]
  3613 | D:5      | Reached XP level 6. HP: 29/44 MP: 7/7
  3905 | D:5      | Reached skill level 6 in Long Blades
  4156 | D:5      | Gained mutation: You are mostly covered in thin metallic
                  | scales. (AC +3) [demonic ancestry]
  4156 | D:5      | Reached XP level 7. HP: 51/51 MP: 8/8
  4311 | D:5      | Found a bloodstained altar of Trog.
  4993 | D:6      | Noticed a troll
  5006 | D:6      | Killed a troll
  5007 | D:6      | Reached skill level 7 in Long Blades
  5152 | D:6      | Reached XP level 8. HP: 27/60 MP: 9/9
  5183 | D:6      | Found a staircase to the Ecumenical Temple.
  5242 | D:6      | Reached skill level 8 in Long Blades
  5245 | D:6      | Found a sand-covered staircase.
  5252 | Ossuary  | Entered an ossuary
  5692 | Ossuary  | Reached skill level 5 in Fighting
  5852 | D:6      | Reached skill level 9 in Long Blades
  5886 | Temple   | Entered the Ecumenical Temple
  6344 | D:6      | Reached XP level 9. HP: 69/69 MP: 10/10
  6688 | D:6      | Found a hazy altar of Hepliaklqana.
  6757 | D:6      | Found a faded altar of an unknown god.
  6839 | D:4      | Bought a scroll of enchant armour for 172 gold pieces
  7238 | D:7      | Noticed a manticore
  7250 | D:7      | Killed a manticore
  7251 | D:7      | Reached skill level 10 in Long Blades
  7602 | D:7      | HP: 2/69 [electric eel/bolt of electricity (2)]
  8717 | D:8      | Noticed Erica
  8735 | D:8      | Killed from afar by Erica

Illustrated notes

Levels and vault maps discovered:
D:1:      dpeg_arrival_arbitrary_c, layout_rooms, basic_ecumenical_altar
D:2:      layout_basic
D:3:      layout_loops_ring, lemuel_zombie_altar_kikubaaqudgha,
          minmay_statues_item, st_stairs_1
D:4:      layout_basic, mainiacjoe_overflow_24_doors, lemuel_round_altar,
          tgw_xom, serial_shops, shop_statue
D:5:      layout_cave_pods, mainiacjoe_overflow_big_doors,
          minmay_misc_feat_roman
D:6:      layout_basic, beargit_hepliaklqana_dungeon_heroes,
          minmay_temple_entry_waves, nicolae_ossuary_entry_catacombs
D:7:      layout_loops_cross, elyvilon_altar_4, nrook_pool_corridor,
          minmay_hedge_maze
D:8:      nzn_winding_woodlands_stair_cross
          [nzn_winding_woodlands_5x15_pathside_ponds,
          nzn_winding_woodlands_center_garden,
          nzn_winding_woodlands_5x15_concentric,
          nzn_winding_woodlands_5x5_closed_star,
          nzn_winding_woodlands_5x5_cross, nzn_winding_woodlands_5x15_eye,
          nzn_winding_woodlands_center_lodge,
          nzn_winding_woodlands_5x15_default], layout_rooms,
          nicolae_yredelemnul_ghost_church, mainiacjoe_overflow_brackets,
          uniq_erica, uniq_pikel, uniq_gastronok
Temple:   jpeg_temple_alley_garden

Skill      XL: |  1  2  3  4  5  6  7  8  9 |
---------------+----------------------------+-----
Long Blades    | 3 4 5 6 7 9 10 | 10.5
Stealth        | 1 |  1.0
Armour         | 1 |  1.0
Spellcasting   | 1 |  1.0
Evocations     | 1 |  1.0
Shields        | 1 2 3 |  3.0
Fighting       | 4 5 6 |  6.2
Dodging        | 3 |  3.0
Throwing       | |  1.7

Action                   |  1- 3 |  4- 6 |  7- 9 || total
-------------------------+-------+-------+-------++-------
Melee: Long sword        |    86 |   127 |   365 ||   578
       Kick              |    16 |    40 |   144 ||   200
       Punch             |     3 |       |     5 ||     8
Throw: Dart              |       |    16 |    18 ||    34
       Boomerang         |       |       |     1 ||     1
Evoke: Wand              |       |     1 |     3 ||     4
  Use: Scroll            |     6 |     4 |     7 ||    17
       Potion            |       |     3 |     8 ||    11
 Stab: Sleeping          |     2 |       |       ||     2
Armor: Leather armour    |    26 |       |       ||    26
       Ring mail         |    30 |    13 |       ||    43
       Scale mail        |       |    44 |       ||    44
       Chain mail        |       |       |   188 ||   188
Dodge: Dodged            |    69 |    63 |    96 ||   228
Block: Other             |       |    28 |    34 ||    62

Table legend: (Time is in decaauts)
 A = Elapsed time spent in this place.
 B = Non-inter-level travel time spent in this place.
 C = Inter-level travel time spent in this place.
 D = Time resting spent in this place.
 E = Time spent auto-exploring this place.
 F = Levels seen in this place.
 G = Mean time per level.
                   A        B        C        D        E       F      G
               +--------+--------+--------+--------+--------+-----+--------+
         Total |   8765 |   7390 |   1375 |   1045 |   4269 |  10 |  876.5 |
       Dungeon |   7990 |   6668 |   1322 |    892 |   4011 |   8 |  998.8 |
        Temple |    233 |    180 |     53 |      0 |    170 |   1 |  233.0 |
       Ossuary |    540 |    540 |      0 |    153 |     88 |   1 |  540.0 |
               +--------+--------+--------+--------+--------+-----+--------+

Top non-repeatable levels by time:
     D:7: 1534 daAuts
     D:4: 1317 daAuts
     D:3: 1314 daAuts
     D:6: 1312 daAuts
     D:5: 1228 daAuts
     D:2: 738 daAuts
 Ossuary: 540 daAuts
     D:1: 502 daAuts
  Temple: 233 daAuts
     D:8: 44 daAuts
